3A
LEVITTOWN BLUE DRAGONS @ GRAND FORKS CATERPILLARS
07/11/2041
 
TOP OF THE 1ST
Levittown Blue Dragons batting - Pitching for Grand Forks Caterpillars : RHP Marty Brooks
Pitching: RHP Marty Brooks
Batting: LHB César Valtez 0-0: Ball
1-0: Ball
2-0: Ball
3-0: Called Strike
3-1: Called Strike
3-2: Fly out, F8 (Flyball, 78M, EV 88.8 MPH)
Batting: RHB Abednego Ashpenaz 0-0: Called Strike
0-1: Fly out, F3 (Popup, 3SF, EV 73.1 MPH)
Batting: LHB Josh Hall 0-0: Foul Ball, location: 2F
0-1: Ball
1-1: Swinging Strike
1-2: Strikes out swinging
Top of the 1st over - 0 runs, 0 hits, 0 errors, 0 left on base; Levittown 0 - Grand Forks 0
BOTTOM OF THE 1ST
Grand Forks Caterpillars batting - Pitching for Levittown Blue Dragons : LHP Bill Aylwin
Pitching: LHP Bill Aylwin
Batting: SHB Leonardo Rodríguez 0-0: Called Strike
0-1: Swinging Strike
0-2: Ball
1-2: Fly out, F8 (Flyball, 78D, EV 98.8 MPH)
Batting: RHB Danny Hensley 0-0: Swinging Strike
0-1: Ball
1-1: Swinging Strike
1-2: Foul Ball, location: 2F
1-2: Strikes out swinging
Batting: RHB Iván Pińón 0-0: Ball
1-0: Ball
2-0: Ball
3-0: Foul Ball, location: 2F
3-1: Foul Ball, location: 2F
3-2: Base on Balls
Batting: RHB Jose Reginalde 0-0: Called Strike
0-1: Ball
1-1: Foul Ball, location: 2F
1-2: Strikes out swinging
Bottom of the 1st over - 0 runs, 0 hits, 0 errors, 1 left on base; Levittown 0 - Grand Forks 0
TOP OF THE 2ND
Levittown Blue Dragons batting - Pitching for Grand Forks Caterpillars : RHP Marty Brooks
Batting: LHB Joshua Sanford 0-0: Ball
1-0: Foul Ball, location: 2F
1-1: Called Strike
1-2: Ground out 5-3 (Groundball, 56S, EV 70.6 MPH)
Batting: RHB An-yi Zhou 0-0: Called Strike
0-1: Foul Ball, location: 2F
0-2: Foul Ball, location: 2F
0-2: Strikes out looking
Batting: RHB Frans Lissenberg 0-0: Called Strike
0-1: Ball
1-1: SOLO HOME RUN (Flyball, 7LD, EV 110.0 MPH), Distance : 350 ft
Batting: RHB Carl Bailey 0-0: Swinging Strike
0-1: Called Strike
0-2: Strikes out swinging
Top of the 2nd over - 1 run, 1 hit, 0 errors, 0 left on base; Levittown 1 - Grand Forks 0
BOTTOM OF THE 2ND
Grand Forks Caterpillars batting - Pitching for Levittown Blue Dragons : LHP Bill Aylwin
Batting: RHB Kelly Johnson 0-0: Fly out, F9 (Flyball, 89M, EV 96.2 MPH)
Batting: RHB Roberto Guerrero 0-0: Called Strike
0-1: Ball
1-1: Swinging Strike
1-2: Foul Ball, location: 2F
1-2: Ball
2-2: Foul Ball, location: 2F
2-2: Ball
3-2: Fly out, F2 (Popup, 23F, EV 73.8 MPH)
Batting: RHB Augusto Hernández 0-0: Fly out, F3 (Popup, 3S, EV 72.5 MPH)
Bottom of the 2nd over - 0 runs, 0 hits, 0 errors, 0 left on base; Levittown 1 - Grand Forks 0
TOP OF THE 3RD
Levittown Blue Dragons batting - Pitching for Grand Forks Caterpillars : RHP Marty Brooks
Batting: RHB Eugene Parker 0-0: Ball
1-0: Called Strike
1-1: Ball
2-1: Ground out 6-3 (Groundball, 6M, EV 101.9 MPH)
Batting: RHB Aaron Attyte 0-0: Called Strike
0-1: SINGLE (Groundball, 4, EV 87.5 MPH) (infield hit)
Batting: LHB César Valtez 0-0: Called Strike
0-1: Ball
1-1: Swinging Strike
1-2: Foul Ball, location: 2F
1-2: Ball
2-2: Foul Ball, location: 2F
2-2: Strikes out swinging
Batting: RHB Abednego Ashpenaz 0-0: Called Strike
0-1: Ball
1-1: Swinging Strike
1-2: Fielders Choice at 2nd, 5-4 (Groundball, 56, EV 85.6 MPH)
Top of the 3rd over - 0 runs, 1 hit, 0 errors, 1 left on base; Levittown 1 - Grand Forks 0
BOTTOM OF THE 3RD
Grand Forks Caterpillars batting - Pitching for Levittown Blue Dragons : LHP Bill Aylwin
Batting: LHB Henri de Beeld 0-0: Ball
1-0: Ball
2-0: Swinging Strike
2-1: Foul Ball, location: 2F
2-2: Strikes out swinging
Batting: RHB Juan Morales 0-0: Called Strike
0-1: Ground out 6-3 (Groundball, 6, EV 96.9 MPH)
Batting: SHB Leonardo Rodríguez 0-0: Foul Ball, location: 2F
0-1: Ball
1-1: Ball
2-1: Fly out, F7 (Flyball, 78M, EV 73.8 MPH)
Bottom of the 3rd over - 0 runs, 0 hits, 0 errors, 0 left on base; Levittown 1 - Grand Forks 0
TOP OF THE 4TH
Levittown Blue Dragons batting - Pitching for Grand Forks Caterpillars : RHP Marty Brooks
Batting: LHB Josh Hall 0-0: Fly out, F7 (Flyball, 7S, EV 73.1 MPH)
Batting: LHB Joshua Sanford 0-0: Foul Ball, location: 2F
0-1: Ball
1-1: Ball
2-1: Ball
3-1: Base on Balls
Batting: RHB An-yi Zhou 0-0: Called Strike
0-1: Foul Ball, location: 2F
0-2: Ball
1-2: Fly out, F9 (Line Drive, 9S, EV 108.1 MPH)
Batting: RHB Frans Lissenberg 0-0: SINGLE (Line Drive, 6D, EV 103.8 MPH)
Joshua Sanford to second
Batting: RHB Carl Bailey 0-0: Foul Ball, location: 2F
0-1: Swinging Strike
0-2: SINGLE (Groundball, 6MD, EV 107.5 MPH)
Joshua Sanford to third
Frans Lissenberg to second
Runner from 3rd tries for Home, SAFE, no throw by CF
Batting: RHB Eugene Parker 0-0: Foul Ball, location: 2F
0-1: Ball
1-1: Fielders Choice at 2nd, 5-4 (Groundball, 56, EV 91.2 MPH)
Top of the 4th over - 1 run, 2 hits, 0 errors, 2 left on base; Levittown 2 - Grand Forks 0
BOTTOM OF THE 4TH
Grand Forks Caterpillars batting - Pitching for Levittown Blue Dragons : LHP Bill Aylwin
Batting: RHB Danny Hensley 0-0: Ball
1-0: Foul Ball, location: 2F
1-1: Ground out 5-3 (Groundball, 56, EV 86.9 MPH)
Batting: RHB Iván Pińón 0-0: Ball
1-0: Called Strike
1-1: Ball
2-1: Foul Ball, location: 2F
2-2: SINGLE (Flyball, 7S, EV 83.1 MPH)
Batting: RHB Jose Reginalde 0-0: SINGLE (Line Drive, 56, EV 95.6 MPH)
Iván Pińón to second
Batting: RHB Kelly Johnson 0-0: Ball
1-0: Called Strike
1-1: 3-RUN HOME RUN (Flyball, 7D, EV 100.6 MPH), Distance : 367 ft
Batting: RHB Roberto Guerrero 0-0: SINGLE (Groundball, 34S, EV 65.6 MPH) (infield hit)
Batting: RHB Augusto Hernández 0-0: Ball
1-0: Swinging Strike
1-1: Ball
2-1: Ball
3-1: Foul Ball, location: 2F
3-2: Strikes out swinging
Batting: LHB Henri de Beeld 0-0: Ball
1-0: Ground out 4-3 (Groundball, 4M, EV 100.6 MPH)
Bottom of the 4th over - 3 runs, 4 hits, 0 errors, 1 left on base; Levittown 2 - Grand Forks 3
TOP OF THE 5TH
Levittown Blue Dragons batting - Pitching for Grand Forks Caterpillars : RHP Marty Brooks
Batting: RHB Aaron Attyte 0-0: Called Strike
0-1: Ball
1-1: Ball
2-1: Called Strike
2-2: Ball
3-2: Foul Ball, location: 2F
3-2: Strikes out swinging
Batting: LHB César Valtez 0-0: Ball
1-0: Ball
2-0: Foul Ball, location: 2F
2-1: Ground out 1-3 (Groundball, 34S, EV 71.2 MPH)
Batting: RHB Abednego Ashpenaz 0-0: Called Strike
0-1: Ball
1-1: Ball
2-1: Ball
3-1: Base on Balls
Batting: LHB Josh Hall 0-0: Ground out 6-3 (Groundball, 6S, EV 73.1 MPH)
Top of the 5th over - 0 runs, 0 hits, 0 errors, 1 left on base; Levittown 2 - Grand Forks 3
BOTTOM OF THE 5TH
Grand Forks Caterpillars batting - Pitching for Levittown Blue Dragons : LHP Bill Aylwin
Batting: RHB Juan Morales 0-0: Ball
1-0: Called Strike
1-1: Swinging Strike
1-2: Ball
2-2: Strikes out swinging
Batting: SHB Leonardo Rodríguez 0-0: Ball
1-0: Called Strike
1-1: Ball
2-1: DOUBLE (Line Drive, 89XD, EV 103.1 MPH)
Batting: RHB Danny Hensley 0-0: SINGLE (Groundball, 56, EV 103.8 MPH)
Leonardo Rodríguez to third
Runner from 3rd tries for Home, SAFE, no throw by LF
Batting: RHB Iván Pińón 0-0: Ball
1-0: Ball
2-0: Called Strike
2-1: Swinging Strike
2-2: Foul Ball, location: 2F
2-2: Strikes out swinging
Danny Hensley is caught stealing 2nd base 2-4
Batter strikes out.
Bottom of the 5th over - 1 run, 2 hits, 0 errors, 0 left on base; Levittown 2 - Grand Forks 4
TOP OF THE 6TH
Levittown Blue Dragons batting - Pitching for Grand Forks Caterpillars : RHP Marty Brooks
Batting: LHB Joshua Sanford 0-0: Ball
1-0: Foul Ball, location: 2F
1-1: Ground out 6-3 (Groundball, 56, EV 105.6 MPH)
Batting: RHB An-yi Zhou 0-0: Ball
1-0: Ball
2-0: Ball
3-0: Called Strike
3-1: Foul Ball, location: 2F
3-2: Ground out 6-3 (Groundball, 56D, EV 103.8 MPH)
Batting: RHB Frans Lissenberg 0-0: Ball
1-0: Ball
2-0: Fly out, F8 (Line Drive, 8RD, EV 90.6 MPH)
Top of the 6th over - 0 runs, 0 hits, 0 errors, 0 left on base; Levittown 2 - Grand Forks 4
BOTTOM OF THE 6TH
Grand Forks Caterpillars batting - Pitching for Levittown Blue Dragons : LHP Bill Aylwin
Batting: RHB Jose Reginalde 0-0: DOUBLE (Groundball, 5L, EV 109.4 MPH)
Batting: RHB Kelly Johnson 0-0: Foul Ball, location: 2F
0-1: Ball
1-1: Ball
2-1: Ball
3-1: Called Strike
3-2: Foul Ball, location: 2F
3-2: Base on Balls
Batting: RHB Roberto Guerrero 0-0: Ball
1-0: Bunted foul
1-1: Sac Bunt to 25 - play at first, batter OUT! 5-4
Jose Reginalde to third
Kelly Johnson to second
Batting: RHB Augusto Hernández 0-0: Ball
1-0: Fly out, F9 (Flyball, 9, EV 89.4 MPH)
Batting: LHB Henri de Beeld 0-0: Called Strike
0-1: Ball
1-1: Swinging Strike
1-2: Fly out, F4 (Line Drive, 4, EV 73.8 MPH)
Bottom of the 6th over - 0 runs, 1 hit, 0 errors, 2 left on base; Levittown 2 - Grand Forks 4
TOP OF THE 7TH
Levittown Blue Dragons batting - Pitching for Grand Forks Caterpillars : RHP Marty Brooks
Pitching: RHP Vas Atepko
Batting: RHB Carl Bailey 0-0: Ground out 1-3 (Groundball, 34S, EV 88.8 MPH)
Batting: RHB Eugene Parker 0-0: Foul Ball, location: 2F
0-1: SINGLE (Groundball, 56D, EV 99.4 MPH)
Batting: RHB Aaron Attyte 0-0: Ball
1-0: Ground out 5-3 (Groundball, 56S, EV 67.5 MPH)
Eugene Parker to second
Batting: LHB César Valtez 0-0: Ball
1-0: Foul Ball, location: 2F
1-1: Ball
2-1: Foul Ball, location: 2F
2-2: Fly out, F6 (Popup, 6, EV 65.6 MPH)
Top of the 7th over - 0 runs, 1 hit, 0 errors, 1 left on base; Levittown 2 - Grand Forks 4
BOTTOM OF THE 7TH
Grand Forks Caterpillars batting - Pitching for Levittown Blue Dragons : LHP Bill Aylwin
Batting: RHB Juan Morales 0-0: Ball
1-0: Ball
2-0: Called Strike
2-1: Foul Ball, location: 2F
2-2: Strikes out swinging
Batting: SHB Leonardo Rodríguez 0-0: Called Strike
0-1: Ball
1-1: Ball
2-1: Ball
3-1: Base on Balls
Pitching: LHP Yong-chik Pak
Batting: RHB Danny Hensley 0-0: Ball
Leonardo Rodríguez steals 2nd base
1-0: DOUBLE (Line Drive, 8LXD, EV 105.6 MPH)
Leonardo Rodríguez scores
Batting: RHB Iván Pińón 0-0: Ball
1-0: Reached on error, E5 (Groundball, 56S, EV 84.4 MPH)
Danny Hensley to third
Batting: RHB Jose Reginalde 0-0: Ball
1-0: Ball
2-0: Fly out, F2 (Popup, 2RF, EV 93.1 MPH)
Batting: RHB Kelly Johnson 0-0: Ball
1-0: Ball
2-0: Ball
3-0: Base on Balls
Iván Pińón to second
Batting: RHB Roberto Guerrero 0-0: Ball
1-0: Called Strike
1-1: Ball
2-1: Foul Ball, location: 2F
2-2: Ball
3-2: SINGLE (Groundball, 56D, EV 100.6 MPH)
Danny Hensley scores
Iván Pińón to third
Kelly Johnson to second
Iván Pińón scores
Kelly Johnson to third
Batting: RHB Augusto Hernández 0-0: Called Strike
0-1: Fly out, F8 (Line Drive, 8RD, EV 92.5 MPH)
Bottom of the 7th over - 3 runs, 2 hits, 1 error, 2 left on base; Levittown 2 - Grand Forks 7
TOP OF THE 8TH
Levittown Blue Dragons batting - Pitching for Grand Forks Caterpillars : RHP Vas Atepko
Pitching: RHP Dragoljub Stanisic
Batting: RHB Abednego Ashpenaz 0-0: Called Strike
0-1: Ball
1-1: Ball
2-1: Ground out 6-3 (Groundball, 56D, EV 105.0 MPH)
Batting: LHB Josh Hall 0-0: Ball
1-0: Ball
2-0: Ball
3-0: Called Strike
3-1: Base on Balls
Batting: LHB Joshua Sanford 0-0: Ball
1-0: Ball
2-0: Swinging Strike
2-1: Swinging Strike
2-2: SINGLE (Flyball, 78S, EV 90.6 MPH)
Josh Hall to second
Batting: RHB An-yi Zhou 0-0: Swinging Strike
0-1: Ball
1-1: 3-RUN HOME RUN (Flyball, 7LD, EV 97.5 MPH), Distance : 331 ft
Pitching: RHP Ron Gray
Batting: RHB Frans Lissenberg 0-0: Foul Ball, location: 2F
0-1: Ball
1-1: Fly out, F8 (Flyball, 8RM, EV 89.4 MPH)
Batting: RHB Carl Bailey 0-0: SINGLE (Line Drive, 78M, EV 97.5 MPH)
Batting: RHB Eugene Parker 0-0: Ball
1-0: Foul Ball, location: 2F
1-1: Fly out, F7 (Flyball, 7LS, EV 87.5 MPH)
Top of the 8th over - 3 runs, 3 hits, 0 errors, 1 left on base; Levittown 5 - Grand Forks 7
BOTTOM OF THE 8TH
Grand Forks Caterpillars batting - Pitching for Levittown Blue Dragons : LHP Yong-chik Pak
Batting: LHB Henri de Beeld 0-0: Swinging Strike
0-1: Swinging Strike
0-2: Ball
1-2: Foul Ball, location: 2F
1-2: Ball
2-2: Strikes out swinging
Batting: RHB Juan Morales 0-0: Ball
1-0: Called Strike
1-1: Fly out, F4 (Line Drive, 4, EV 70.0 MPH)
Batting: SHB Leonardo Rodríguez 0-0: Ball
1-0: Ground out 6-3 (Groundball, 6M, EV 82.5 MPH)
Bottom of the 8th over - 0 runs, 0 hits, 0 errors, 0 left on base; Levittown 5 - Grand Forks 7
TOP OF THE 9TH
Levittown Blue Dragons batting - Pitching for Grand Forks Caterpillars : RHP Ron Gray
Pitching: RHP Carlos Rosado
Now at 2B: Zak Arnesson
Batting: RHB Aaron Attyte 0-0: Foul Ball, location: 2F
0-1: Ball
1-1: Foul Ball, location: 2F
1-2: Strikes out swinging
Batting: LHB César Valtez 0-0: Foul Ball, location: 2F
0-1: Ball
1-1: Foul Ball, location: 2F
1-2: Ball
2-2: Fly out, F7 (Flyball, 78D, EV 85.0 MPH)
Batting: RHB Abednego Ashpenaz 0-0: Ground out U3 (Groundball, 34, EV 101.9 MPH)
Top of the 9th over - 0 runs, 0 hits, 0 errors, 0 left on base; Levittown 5 - Grand Forks 7
Tuesday, January 5th, 2021 - OOTP Baseball 20.8 Build 74